 Dungeon Crawl Stone Soup version 0.29.0-4-gdea44cf6ec (webtiles) character file.

Game seed: 16585751680969494886

33 Sabo the Trooper (level 3, -4/30 HPs)
             Began as a Formicid Abyssal Knight on Aug 27, 2022.
             Was a Priest of Lugonu.
             Slain by a gnoll
             ... wielding a +0 halberd
              (12 damage)
             ... on level 2 of the Dungeon.
             The game lasted 00:08:28 (1968 turns).

Sabo the Trooper (Formicid Abyssal Knight)          Turns: 1968, Time: 00:08:29

Health: -4/30      AC:  6    Str: 19    XL:     3   Next: 47%
Magic:  4/4        EV: 11    Int:  9    God:    Lugonu [***...]
Gold:   39         SH:  0    Dex: 14    Spells: 2/2 levels left

rFire   . . .      SeeInvis +   a - +1 hand axe
rCold   . . .      Faith    .   (no shield)
rNeg    . . .      Spirit   .   g - +0 ring mail
rPois   .          Reflect  .   (helmet unavailable)
rElec   .          Harm     .   (no cloak)
rCorr   .          Rampage  .   f - +0 pair of gloves
Will    .....                   (no boots)
Stlth   +.........              (no amulet)
HPRegen 0.10/turn               (no ring)
MPRegen 0.09/turn               (no ring)

@: no status effects
A: permanent stasis, dig shafts and tunnels, antennae 3, four strong arms
a: Dig, Shaft Self, Renounce Religion, Depart the Abyss, Bend Space, Banish


You were on level 2 of the Dungeon.
You worshipped Lugonu.
Lugonu was most pleased with you.
You visited 1 branch of the dungeon, and saw 2 of its levels.
You visited the Abyss 1 time.

You collected 39 gold pieces.

Inventory:

Hand Weapons
 a - a +1 hand axe (weapon)
 c - a +1 dagger of speed
Missiles
 e - 6 boomerangs (quivered)
Armour
 b - a +0 leather armour
 f - a +0 pair of gloves (worn)
 g - a +0 ring mail (worn)
Scrolls
 d - a scroll of magic mapping {unknown}
Potions
 j - a potion of flight {unknown}
 k - a potion of curing {unknown}


   Skills:
 + Level 3.9 Fighting
 + Level 2.6 Axes
 + Level 2.3 Armour
 + Level 1.0 Dodging
 + Level 0.1 Stealth
 + Level 2.3 Invocations


You had 2 spell levels left.
You didn't know any spells.
Your spell library was empty.

Dungeon Overview and Level Annotations

Branches:
Dungeon (2/15)

Altars:


Innate Abilities, Weirdness & Mutations

You cannot be hasted, slowed, berserked, paralysed or teleported.
You can dig through walls and to a lower floor.
You have a pair of large antennae on your head. (SInv)
Your four strong arms can wield two-handed weapons with a shield.


Message History

You start putting on your armour.
You continue putting on your +0 pair of gloves. x4
You finish putting on your +0 pair of gloves.
Okay, then.
A giant cockroach comes into view.
You hit the giant cockroach.
The giant cockroach is severely wounded.
The giant cockroach closely misses you. The giant cockroach barely misses you.
You hit the giant cockroach.
You kill the giant cockroach!
Lugonu accepts your kill.
You see here a giant cockroach corpse.
A hobgoblin and a gnoll come into view.
Found 12 gold pieces.
The hobgoblin shouts!
You hear a shout!
The hobgoblin moves out of view.
A gnoll comes into view. It is wielding a +0 halberd.
A gnoll comes into view. It is wielding a +0 flail.
The gnoll shouts!
The gnoll moves out of view.
You barely miss the gnoll. The gnoll closely misses you.
The gnoll barely misses you. The hobgoblin barely misses you.
You completely miss the gnoll. You completely miss the hobgoblin.
The gnoll hits you from afar with a +0 halberd!
The gnoll hits you but does no damage.
The hobgoblin hits you but does no damage.
You closely miss the gnoll. You hit the hobgoblin. The gnoll misses you.
The gnoll hits you but does no damage. The hobgoblin barely misses you.
You hit the gnoll but do no damage. You hit the hobgoblin.
You kill the hobgoblin!
Lugonu accepts your kill. The gnoll hits you but does no damage.
The gnoll misses you.
You completely miss the gnoll.
The gnoll hits you from afar with a +0 halberd!
* * * LOW HITPOINT WARNING * * *
The gnoll hits you with a +0 whip.
* * * LOW HITPOINT WARNING * * *
You closely miss the gnoll.
The gnoll hits you from afar with a +0 halberd!
You die...

.... ...
$.. .. #g
#g## #.g#
#@## #..#
##.## #..##
..
###..#####
..#
#........#
..
#........#
#.#
##........#
..
#..†......#


You could see 3 gnolls.

Vanquished Creatures
  2 dart slugs
  3 endoplasms
  2 giant cockroaches
  4 goblins (D:1)
  A hobgoblin (D:2)
  2 kobolds (D:1)
  A quokka (D:1)
  5 ball pythons
  A bat (D:2)
  5 frilled lizards
  A rat (D:1)
27 creatures vanquished.

Notes
Turn   | Place    | Note
-------+----------+-------------------------------------------
     0 | Abyss:1  | Sabo the Formicid Abyssal Knight began the quest for the
                  | Orb.
     0 | Abyss:1  | Reached XP level 1. HP: 18/18 MP: 2/2
    22 | Abyss:1  | Noticed a freezing wraith
    24 | Abyss:1  | Noticed a wraith
    41 | D:1      | Escaped the Abyss
   232 | D:1      | Found a faded altar of an unknown god.
   368 | D:1      | Reached XP level 2. HP: 24/24 MP: 3/3
   421 | D:1      | Reached skill level 1 in Dodging
   805 | D:1      | Reached XP level 3. HP: 30/30 MP: 4/4
  1598 | D:2      | Reached *** piety under Lugonu
  1968 | D:2      | Slain by a gnoll

Illustrated notes

Levels and vault maps discovered:
D:1:      dpeg_arrival_boxes_within_box, layout_basic,
          chequers_ecumenical_altar_island, hex_tiny, minmay_pentomino_s2
D:2:      layout_rooms

Skill      XL: |  1  2 |
---------------+-------+-----
Dodging        | 1 |  1.0
Fighting       | |  3.9
Axes           | |  2.6
Armour         | |  2.3
Stealth        | |  0.1
Invocations    | |  2.3

Action                   || total
-------------------------++-------
Melee: Hand axe          ||    69
  Use: Scroll            ||     3
Armor: Leather armour    ||     1
       Ring mail         ||    29
Dodge: Dodged            ||    41
